Workbook

Sheet Resumo
A1: Previsão de caixa igreja
A2: Resumo calculado dos movimentos do cenário fictício. Alertas indicam pontos para conferência humana.
A4: Período projetado | B4: =IF(OR(Premissas!B5="",Premissas!B8=""),"",IFERROR(TEXT(Premissas!B5,"dd/mm/yyyy")&" a "&TEXT(Premissas!B8,"dd/mm/yyyy"),""))
A5: Saldo inicial | B5: =IF(Premissas!B4="","",Premissas!B4)
A6: Entradas consideradas | B6: =IF(OR(Premissas!B5="",Premissas!B8=""),"",IFERROR(SUMIFS(Movimentos!$D$5:$D$104,Movimentos!$C$5:$C$104,"Entrada",Movimentos!$E$5:$E$104,"<>Cancelado",Movimentos!$E$5:$E$104,"<>",Movimentos!$A$5:$A$104,">="&Premissas!B5,Movimentos!$A$5:$A$104,"<="&Premissas!B8),0))
A7: Saídas consideradas | B7: =IF(OR(Premissas!B5="",Premissas!B8=""),"",IFERROR(SUMIFS(Movimentos!$D$5:$D$104,Movimentos!$C$5:$C$104,"Saída",Movimentos!$E$5:$E$104,"<>Cancelado",Movimentos!$E$5:$E$104,"<>",Movimentos!$A$5:$A$104,">="&Premissas!B5,Movimentos!$A$5:$A$104,"<="&Premissas!B8),0))
A8: Saldo final previsto | B8: =IF(OR(B5="",B6="",B7=""),"",IFERROR(B5+B6-B7,""))
A9: Lançamentos previstos | B9: =IF(OR(Premissas!B5="",Premissas!B8=""),"",IFERROR(COUNTIFS(Movimentos!$E$5:$E$104,"Previsto",Movimentos!$A$5:$A$104,">="&Premissas!B5,Movimentos!$A$5:$A$104,"<="&Premissas!B8),0))
A10: Menor saldo no início ou mês | B10: =IF(OR(Premissas!B4="",Premissas!B6=""),"",IFERROR(MIN(Premissas!$B$4,$D$14:INDEX($D:$D,13+Premissas!$B$6)),Premissas!$B$4))
A11: Situação do limite | B11: =IF(OR(B10="",Premissas!B7=""),"Defina saldo e limite",IF(B10<Premissas!B7,"Conferir: abaixo do limite","Dentro do limite definido"))
A13: Mês | B13: Entradas | C13: Saídas | D13: Saldo final
A14: =IF(OR(Premissas!$B$5="",Premissas!$B$6="",1>Premissas!$B$6),"",DATE(YEAR(Premissas!$B$5),MONTH(Premissas!$B$5)+0,1)) | B14: =IF($A14="","",IFERROR(SUMIFS(Movimentos!$D$5:$D$104,Movimentos!$C$5:$C$104,"Entrada",Movimentos!$E$5:$E$104,"<>Cancelado",Movimentos!$E$5:$E$104,"<>",Movimentos!$A$5:$A$104,">="&MAX($A14,Premissas!$B$5),Movimentos!$A$5:$A$104,"<"&DATE(YEAR($A14),MONTH($A14)+1,1),Movimentos!$A$5:$A$104,"<="&Premissas!$B$8),0)) | C14: =IF($A14="","",IFERROR(SUMIFS(Movimentos!$D$5:$D$104,Movimentos!$C$5:$C$104,"Saída",Movimentos!$E$5:$E$104,"<>Cancelado",Movimentos!$E$5:$E$104,"<>",Movimentos!$A$5:$A$104,">="&MAX($A14,Premissas!$B$5),Movimentos!$A$5:$A$104,"<"&DATE(YEAR($A14),MONTH($A14)+1,1),Movimentos!$A$5:$A$104,"<="&Premissas!$B$8),0)) | D14: =IF($A14="","",IFERROR(Premissas!$B$4+SUM($B$14:B14)-SUM($C$14:C14),""))
A15: =IF(OR(Premissas!$B$5="",Premissas!$B$6="",2>Premissas!$B$6),"",DATE(YEAR(Premissas!$B$5),MONTH(Premissas!$B$5)+1,1)) | B15: =IF($A15="","",IFERROR(SUMIFS(Movimentos!$D$5:$D$104,Movimentos!$C$5:$C$104,"Entrada",Movimentos!$E$5:$E$104,"<>Cancelado",Movimentos!$E$5:$E$104,"<>",Movimentos!$A$5:$A$104,">="&MAX($A15,Premissas!$B$5),Movimentos!$A$5:$A$104,"<"&DATE(YEAR($A15),MONTH($A15)+1,1),Movimentos!$A$5:$A$104,"<="&Premissas!$B$8),0)) | C15: =IF($A15="","",IFERROR(SUMIFS(Movimentos!$D$5:$D$104,Movimentos!$C$5:$C$104,"Saída",Movimentos!$E$5:$E$104,"<>Cancelado",Movimentos!$E$5:$E$104,"<>",Movimentos!$A$5:$A$104,">="&MAX($A15,Premissas!$B$5),Movimentos!$A$5:$A$104,"<"&DATE(YEAR($A15),MONTH($A15)+1,1),Movimentos!$A$5:$A$104,"<="&Premissas!$B$8),0)) | D15: =IF($A15="","",IFERROR(Premissas!$B$4+SUM($B$14:B15)-SUM($C$14:C15),""))
A16: =IF(OR(Premissas!$B$5="",Premissas!$B$6="",3>Premissas!$B$6),"",DATE(YEAR(Premissas!$B$5),MONTH(Premissas!$B$5)+2,1)) | B16: =IF($A16="","",IFERROR(SUMIFS(Movimentos!$D$5:$D$104,Movimentos!$C$5:$C$104,"Entrada",Movimentos!$E$5:$E$104,"<>Cancelado",Movimentos!$E$5:$E$104,"<>",Movimentos!$A$5:$A$104,">="&MAX($A16,Premissas!$B$5),Movimentos!$A$5:$A$104,"<"&DATE(YEAR($A16),MONTH($A16)+1,1),Movimentos!$A$5:$A$104,"<="&Premissas!$B$8),0)) | C16: =IF($A16="","",IFERROR(SUMIFS(Movimentos!$D$5:$D$104,Movimentos!$C$5:$C$104,"Saída",Movimentos!$E$5:$E$104,"<>Cancelado",Movimentos!$E$5:$E$104,"<>",Movimentos!$A$5:$A$104,">="&MAX($A16,Premissas!$B$5),Movimentos!$A$5:$A$104,"<"&DATE(YEAR($A16),MONTH($A16)+1,1),Movimentos!$A$5:$A$104,"<="&Premissas!$B$8),0)) | D16: =IF($A16="","",IFERROR(Premissas!$B$4+SUM($B$14:B16)-SUM($C$14:C16),""))
A17: =IF(OR(Premissas!$B$5="",Premissas!$B$6="",4>Premissas!$B$6),"",DATE(YEAR(Premissas!$B$5),MONTH(Premissas!$B$5)+3,1)) | B17: =IF($A17="","",IFERROR(SUMIFS(Movimentos!$D$5:$D$104,Movimentos!$C$5:$C$104,"Entrada",Movimentos!$E$5:$E$104,"<>Cancelado",Movimentos!$E$5:$E$104,"<>",Movimentos!$A$5:$A$104,">="&MAX($A17,Premissas!$B$5),Movimentos!$A$5:$A$104,"<"&DATE(YEAR($A17),MONTH($A17)+1,1),Movimentos!$A$5:$A$104,"<="&Premissas!$B$8),0)) | C17: =IF($A17="","",IFERROR(SUMIFS(Movimentos!$D$5:$D$104,Movimentos!$C$5:$C$104,"Saída",Movimentos!$E$5:$E$104,"<>Cancelado",Movimentos!$E$5:$E$104,"<>",Movimentos!$A$5:$A$104,">="&MAX($A17,Premissas!$B$5),Movimentos!$A$5:$A$104,"<"&DATE(YEAR($A17),MONTH($A17)+1,1),Movimentos!$A$5:$A$104,"<="&Premissas!$B$8),0)) | D17: =IF($A17="","",IFERROR(Premissas!$B$4+SUM($B$14:B17)-SUM($C$14:C17),""))
A18: =IF(OR(Premissas!$B$5="",Premissas!$B$6="",5>Premissas!$B$6),"",DATE(YEAR(Premissas!$B$5),MONTH(Premissas!$B$5)+4,1)) | B18: =IF($A18="","",IFERROR(SUMIFS(Movimentos!$D$5:$D$104,Movimentos!$C$5:$C$104,"Entrada",Movimentos!$E$5:$E$104,"<>Cancelado",Movimentos!$E$5:$E$104,"<>",Movimentos!$A$5:$A$104,">="&MAX($A18,Premissas!$B$5),Movimentos!$A$5:$A$104,"<"&DATE(YEAR($A18),MONTH($A18)+1,1),Movimentos!$A$5:$A$104,"<="&Premissas!$B$8),0)) | C18: =IF($A18="","",IFERROR(SUMIFS(Movimentos!$D$5:$D$104,Movimentos!$C$5:$C$104,"Saída",Movimentos!$E$5:$E$104,"<>Cancelado",Movimentos!$E$5:$E$104,"<>",Movimentos!$A$5:$A$104,">="&MAX($A18,Premissas!$B$5),Movimentos!$A$5:$A$104,"<"&DATE(YEAR($A18),MONTH($A18)+1,1),Movimentos!$A$5:$A$104,"<="&Premissas!$B$8),0)) | D18: =IF($A18="","",IFERROR(Premissas!$B$4+SUM($B$14:B18)-SUM($C$14:C18),""))
A19: =IF(OR(Premissas!$B$5="",Premissas!$B$6="",6>Premissas!$B$6),"",DATE(YEAR(Premissas!$B$5),MONTH(Premissas!$B$5)+5,1)) | B19: =IF($A19="","",IFERROR(SUMIFS(Movimentos!$D$5:$D$104,Movimentos!$C$5:$C$104,"Entrada",Movimentos!$E$5:$E$104,"<>Cancelado",Movimentos!$E$5:$E$104,"<>",Movimentos!$A$5:$A$104,">="&MAX($A19,Premissas!$B$5),Movimentos!$A$5:$A$104,"<"&DATE(YEAR($A19),MONTH($A19)+1,1),Movimentos!$A$5:$A$104,"<="&Premissas!$B$8),0)) | C19: =IF($A19="","",IFERROR(SUMIFS(Movimentos!$D$5:$D$104,Movimentos!$C$5:$C$104,"Saída",Movimentos!$E$5:$E$104,"<>Cancelado",Movimentos!$E$5:$E$104,"<>",Movimentos!$A$5:$A$104,">="&MAX($A19,Premissas!$B$5),Movimentos!$A$5:$A$104,"<"&DATE(YEAR($A19),MONTH($A19)+1,1),Movimentos!$A$5:$A$104,"<="&Premissas!$B$8),0)) | D19: =IF($A19="","",IFERROR(Premissas!$B$4+SUM($B$14:B19)-SUM($C$14:C19),""))
A20: =IF(OR(Premissas!$B$5="",Premissas!$B$6="",7>Premissas!$B$6),"",DATE(YEAR(Premissas!$B$5),MONTH(Premissas!$B$5)+6,1)) | B20: =IF($A20="","",IFERROR(SUMIFS(Movimentos!$D$5:$D$104,Movimentos!$C$5:$C$104,"Entrada",Movimentos!$E$5:$E$104,"<>Cancelado",Movimentos!$E$5:$E$104,"<>",Movimentos!$A$5:$A$104,">="&MAX($A20,Premissas!$B$5),Movimentos!$A$5:$A$104,"<"&DATE(YEAR($A20),MONTH($A20)+1,1),Movimentos!$A$5:$A$104,"<="&Premissas!$B$8),0)) | C20: =IF($A20="","",IFERROR(SUMIFS(Movimentos!$D$5:$D$104,Movimentos!$C$5:$C$104,"Saída",Movimentos!$E$5:$E$104,"<>Cancelado",Movimentos!$E$5:$E$104,"<>",Movimentos!$A$5:$A$104,">="&MAX($A20,Premissas!$B$5),Movimentos!$A$5:$A$104,"<"&DATE(YEAR($A20),MONTH($A20)+1,1),Movimentos!$A$5:$A$104,"<="&Premissas!$B$8),0)) | D20: =IF($A20="","",IFERROR(Premissas!$B$4+SUM($B$14:B20)-SUM($C$14:C20),""))
A21: =IF(OR(Premissas!$B$5="",Premissas!$B$6="",8>Premissas!$B$6),"",DATE(YEAR(Premissas!$B$5),MONTH(Premissas!$B$5)+7,1)) | B21: =IF($A21="","",IFERROR(SUMIFS(Movimentos!$D$5:$D$104,Movimentos!$C$5:$C$104,"Entrada",Movimentos!$E$5:$E$104,"<>Cancelado",Movimentos!$E$5:$E$104,"<>",Movimentos!$A$5:$A$104,">="&MAX($A21,Premissas!$B$5),Movimentos!$A$5:$A$104,"<"&DATE(YEAR($A21),MONTH($A21)+1,1),Movimentos!$A$5:$A$104,"<="&Premissas!$B$8),0)) | C21: =IF($A21="","",IFERROR(SUMIFS(Movimentos!$D$5:$D$104,Movimentos!$C$5:$C$104,"Saída",Movimentos!$E$5:$E$104,"<>Cancelado",Movimentos!$E$5:$E$104,"<>",Movimentos!$A$5:$A$104,">="&MAX($A21,Premissas!$B$5),Movimentos!$A$5:$A$104,"<"&DATE(YEAR($A21),MONTH($A21)+1,1),Movimentos!$A$5:$A$104,"<="&Premissas!$B$8),0)) | D21: =IF($A21="","",IFERROR(Premissas!$B$4+SUM($B$14:B21)-SUM($C$14:C21),""))
A22: =IF(OR(Premissas!$B$5="",Premissas!$B$6="",9>Premissas!$B$6),"",DATE(YEAR(Premissas!$B$5),MONTH(Premissas!$B$5)+8,1)) | B22: =IF($A22="","",IFERROR(SUMIFS(Movimentos!$D$5:$D$104,Movimentos!$C$5:$C$104,"Entrada",Movimentos!$E$5:$E$104,"<>Cancelado",Movimentos!$E$5:$E$104,"<>",Movimentos!$A$5:$A$104,">="&MAX($A22,Premissas!$B$5),Movimentos!$A$5:$A$104,"<"&DATE(YEAR($A22),MONTH($A22)+1,1),Movimentos!$A$5:$A$104,"<="&Premissas!$B$8),0)) | C22: =IF($A22="","",IFERROR(SUMIFS(Movimentos!$D$5:$D$104,Movimentos!$C$5:$C$104,"Saída",Movimentos!$E$5:$E$104,"<>Cancelado",Movimentos!$E$5:$E$104,"<>",Movimentos!$A$5:$A$104,">="&MAX($A22,Premissas!$B$5),Movimentos!$A$5:$A$104,"<"&DATE(YEAR($A22),MONTH($A22)+1,1),Movimentos!$A$5:$A$104,"<="&Premissas!$B$8),0)) | D22: =IF($A22="","",IFERROR(Premissas!$B$4+SUM($B$14:B22)-SUM($C$14:C22),""))
A23: =IF(OR(Premissas!$B$5="",Premissas!$B$6="",10>Premissas!$B$6),"",DATE(YEAR(Premissas!$B$5),MONTH(Premissas!$B$5)+9,1)) | B23: =IF($A23="","",IFERROR(SUMIFS(Movimentos!$D$5:$D$104,Movimentos!$C$5:$C$104,"Entrada",Movimentos!$E$5:$E$104,"<>Cancelado",Movimentos!$E$5:$E$104,"<>",Movimentos!$A$5:$A$104,">="&MAX($A23,Premissas!$B$5),Movimentos!$A$5:$A$104,"<"&DATE(YEAR($A23),MONTH($A23)+1,1),Movimentos!$A$5:$A$104,"<="&Premissas!$B$8),0)) | C23: =IF($A23="","",IFERROR(SUMIFS(Movimentos!$D$5:$D$104,Movimentos!$C$5:$C$104,"Saída",Movimentos!$E$5:$E$104,"<>Cancelado",Movimentos!$E$5:$E$104,"<>",Movimentos!$A$5:$A$104,">="&MAX($A23,Premissas!$B$5),Movimentos!$A$5:$A$104,"<"&DATE(YEAR($A23),MONTH($A23)+1,1),Movimentos!$A$5:$A$104,"<="&Premissas!$B$8),0)) | D23: =IF($A23="","",IFERROR(Premissas!$B$4+SUM($B$14:B23)-SUM($C$14:C23),""))
A24: =IF(OR(Premissas!$B$5="",Premissas!$B$6="",11>Premissas!$B$6),"",DATE(YEAR(Premissas!$B$5),MONTH(Premissas!$B$5)+10,1)) | B24: =IF($A24="","",IFERROR(SUMIFS(Movimentos!$D$5:$D$104,Movimentos!$C$5:$C$104,"Entrada",Movimentos!$E$5:$E$104,"<>Cancelado",Movimentos!$E$5:$E$104,"<>",Movimentos!$A$5:$A$104,">="&MAX($A24,Premissas!$B$5),Movimentos!$A$5:$A$104,"<"&DATE(YEAR($A24),MONTH($A24)+1,1),Movimentos!$A$5:$A$104,"<="&Premissas!$B$8),0)) | C24: =IF($A24="","",IFERROR(SUMIFS(Movimentos!$D$5:$D$104,Movimentos!$C$5:$C$104,"Saída",Movimentos!$E$5:$E$104,"<>Cancelado",Movimentos!$E$5:$E$104,"<>",Movimentos!$A$5:$A$104,">="&MAX($A24,Premissas!$B$5),Movimentos!$A$5:$A$104,"<"&DATE(YEAR($A24),MONTH($A24)+1,1),Movimentos!$A$5:$A$104,"<="&Premissas!$B$8),0)) | D24: =IF($A24="","",IFERROR(Premissas!$B$4+SUM($B$14:B24)-SUM($C$14:C24),""))
A25: =IF(OR(Premissas!$B$5="",Premissas!$B$6="",12>Premissas!$B$6),"",DATE(YEAR(Premissas!$B$5),MONTH(Premissas!$B$5)+11,1)) | B25: =IF($A25="","",IFERROR(SUMIFS(Movimentos!$D$5:$D$104,Movimentos!$C$5:$C$104,"Entrada",Movimentos!$E$5:$E$104,"<>Cancelado",Movimentos!$E$5:$E$104,"<>",Movimentos!$A$5:$A$104,">="&MAX($A25,Premissas!$B$5),Movimentos!$A$5:$A$104,"<"&DATE(YEAR($A25),MONTH($A25)+1,1),Movimentos!$A$5:$A$104,"<="&Premissas!$B$8),0)) | C25: =IF($A25="","",IFERROR(SUMIFS(Movimentos!$D$5:$D$104,Movimentos!$C$5:$C$104,"Saída",Movimentos!$E$5:$E$104,"<>Cancelado",Movimentos!$E$5:$E$104,"<>",Movimentos!$A$5:$A$104,">="&MAX($A25,Premissas!$B$5),Movimentos!$A$5:$A$104,"<"&DATE(YEAR($A25),MONTH($A25)+1,1),Movimentos!$A$5:$A$104,"<="&Premissas!$B$8),0)) | D25: =IF($A25="","",IFERROR(Premissas!$B$4+SUM($B$14:B25)-SUM($C$14:C25),""))

Sheet Movimentos
A1: Movimentos previstos de caixa
A2: Preencha as colunas amarelas. Todos os exemplos são fictícios; confirme datas e valores antes de decidir.
A3: O saldo na data considera todos os lançamentos não cancelados com data igual ou anterior.
A4: Data prevista | B4: Descrição | C4: Tipo | D4: Valor previsto | E4: Status | F4: Ministério | G4: Responsável | H4: Impacto considerado | I4: Saldo na data | J4: Alerta
A5: 46298 | B5: Recebimento coletivo estimado — cenário fictício | C5: Entrada | D5: 10500 | E5: Comprometido | F5: Geral Fictício | G5: Equipe Alfa Fictícia | H5: =IF(OR(A5="",C5="",D5="",E5=""),"",IFERROR(IF(E5="Cancelado",0,IF(C5="Entrada",D5,IF(C5="Saída",-D5,""))),"")) | I5: =IF(H5="","",IFERROR(Premissas!$B$4+SUMIFS($H$5:$H$104,$A$5:$A$104,"<="&A5),"")) | J5: =IF(I5="","",IF(Premissas!$B$7="","Defina o limite",IF(I5<Premissas!$B$7,"Conferir","Dentro do limite")))
A6: 46303 | B6: Conta de energia estimada — salão fictício | C6: Saída | D6: 1250 | E6: Previsto | F6: Patrimônio Fictício | G6: Equipe Beta Fictícia | H6: =IF(OR(A6="",C6="",D6="",E6=""),"",IFERROR(IF(E6="Cancelado",0,IF(C6="Entrada",D6,IF(C6="Saída",-D6,""))),"")) | I6: =IF(H6="","",IFERROR(Premissas!$B$4+SUMIFS($H$5:$H$104,$A$5:$A$104,"<="&A6),"")) | J6: =IF(I6="","",IF(Premissas!$B$7="","Defina o limite",IF(I6<Premissas!$B$7,"Conferir","Dentro do limite")))
A7: 46310 | B7: Locação estimada — espaço fictício | C7: Saída | D7: 3200 | E7: Comprometido | F7: Administração Simulada | G7: Equipe Alfa Fictícia | H7: =IF(OR(A7="",C7="",D7="",E7=""),"",IFERROR(IF(E7="Cancelado",0,IF(C7="Entrada",D7,IF(C7="Saída",-D7,""))),"")) | I7: =IF(H7="","",IFERROR(Premissas!$B$4+SUMIFS($H$5:$H$104,$A$5:$A$104,"<="&A7),"")) | J7: =IF(I7="","",IF(Premissas!$B$7="","Defina o limite",IF(I7<Premissas!$B$7,"Conferir","Dentro do limite")))
A8: 46331 | B8: Recebimento agregado estimado — cenário fictício | C8: Entrada | D8: 9800 | E8: Previsto | F8: Geral Fictício | G8: Equipe Gama Fictícia | H8: =IF(OR(A8="",C8="",D8="",E8=""),"",IFERROR(IF(E8="Cancelado",0,IF(C8="Entrada",D8,IF(C8="Saída",-D8,""))),"")) | I8: =IF(H8="","",IFERROR(Premissas!$B$4+SUMIFS($H$5:$H$104,$A$5:$A$104,"<="&A8),"")) | J8: =IF(I8="","",IF(Premissas!$B$7="","Defina o limite",IF(I8<Premissas!$B$7,"Conferir","Dentro do limite")))
A9: 46338 | B9: Materiais de encontro simulado | C9: Saída | D9: 900 | E9: Cancelado | F9: Formação Simulada | G9: Equipe Delta Fictícia | H9: =IF(OR(A9="",C9="",D9="",E9=""),"",IFERROR(IF(E9="Cancelado",0,IF(C9="Entrada",D9,IF(C9="Saída",-D9,""))),"")) | I9: =IF(H9="","",IFERROR(Premissas!$B$4+SUMIFS($H$5:$H$104,$A$5:$A$104,"<="&A9),"")) | J9: =IF(I9="","",IF(Premissas!$B$7="","Defina o limite",IF(I9<Premissas!$B$7,"Conferir","Dentro do limite")))
A10: 46358 | B10: Receita estimada de feira fictícia | C10: Entrada | D10: 7600 | E10: Previsto | F10: Ação Comunitária Fictícia | G10: Equipe Épsilon Fictícia | H10: =IF(OR(A10="",C10="",D10="",E10=""),"",IFERROR(IF(E10="Cancelado",0,IF(C10="Entrada",D10,IF(C10="Saída",-D10,""))),"")) | I10: =IF(H10="","",IFERROR(Premissas!$B$4+SUMIFS($H$5:$H$104,$A$5:$A$104,"<="&A10),"")) | J10: =IF(I10="","",IF(Premissas!$B$7="","Defina o limite",IF(I10<Premissas!$B$7,"Conferir","Dentro do limite")))
A11: 46397 | B11: Manutenção estimada — imóvel fictício | C11: Saída | D11: 2500 | E11: Previsto | F11: Patrimônio Fictício | G11: Equipe Beta Fictícia | H11: =IF(OR(A11="",C11="",D11="",E11=""),"",IFERROR(IF(E11="Cancelado",0,IF(C11="Entrada",D11,IF(C11="Saída",-D11,""))),"")) | I11: =IF(H11="","",IFERROR(Premissas!$B$4+SUMIFS($H$5:$H$104,$A$5:$A$104,"<="&A11),"")) | J11: =IF(I11="","",IF(Premissas!$B$7="","Defina o limite",IF(I11<Premissas!$B$7,"Conferir","Dentro do limite")))
A12: 46424 | B12: Receita estimada de bazar simulado | C12: Entrada | D12: 3500 | E12: Comprometido | F12: Ação Comunitária Fictícia | G12: Equipe Épsilon Fictícia | H12: =IF(OR(A12="",C12="",D12="",E12=""),"",IFERROR(IF(E12="Cancelado",0,IF(C12="Entrada",D12,IF(C12="Saída",-D12,""))),"")) | I12: =IF(H12="","",IFERROR(Premissas!$B$4+SUMIFS($H$5:$H$104,$A$5:$A$104,"<="&A12),"")) | J12: =IF(I12="","",IF(Premissas!$B$7="","Defina o limite",IF(I12<Premissas!$B$7,"Conferir","Dentro do limite")))
A13: 46457 | B13: Materiais de formação simulada | C13: Saída | D13: 800 | E13: Comprometido | F13: Formação Simulada | G13: Equipe Delta Fictícia | H13: =IF(OR(A13="",C13="",D13="",E13=""),"",IFERROR(IF(E13="Cancelado",0,IF(C13="Entrada",D13,IF(C13="Saída",-D13,""))),"")) | I13: =IF(H13="","",IFERROR(Premissas!$B$4+SUMIFS($H$5:$H$104,$A$5:$A$104,"<="&A13),"")) | J13: =IF(I13="","",IF(Premissas!$B$7="","Defina o limite",IF(I13<Premissas!$B$7,"Conferir","Dentro do limite")))
A14: 46556 | B14: Seguro estimado — patrimônio fictício | C14: Saída | D14: 1800 | E14: Previsto | F14: Patrimônio Fictício | G14: Equipe Beta Fictícia | H14: =IF(OR(A14="",C14="",D14="",E14=""),"",IFERROR(IF(E14="Cancelado",0,IF(C14="Entrada",D14,IF(C14="Saída",-D14,""))),"")) | I14: =IF(H14="","",IFERROR(Premissas!$B$4+SUMIFS($H$5:$H$104,$A$5:$A$104,"<="&A14),"")) | J14: =IF(I14="","",IF(Premissas!$B$7="","Defina o limite",IF(I14<Premissas!$B$7,"Conferir","Dentro do limite")))
H15: =IF(OR(A15="",C15="",D15="",E15=""),"",IFERROR(IF(E15="Cancelado",0,IF(C15="Entrada",D15,IF(C15="Saída",-D15,""))),"")) | I15: =IF(H15="","",IFERROR(Premissas!$B$4+SUMIFS($H$5:$H$104,$A$5:$A$104,"<="&A15),"")) | J15: =IF(I15="","",IF(Premissas!$B$7="","Defina o limite",IF(I15<Premissas!$B$7,"Conferir","Dentro do limite")))
H16: =IF(OR(A16="",C16="",D16="",E16=""),"",IFERROR(IF(E16="Cancelado",0,IF(C16="Entrada",D16,IF(C16="Saída",-D16,""))),"")) | I16: =IF(H16="","",IFERROR(Premissas!$B$4+SUMIFS($H$5:$H$104,$A$5:$A$104,"<="&A16),"")) | J16: =IF(I16="","",IF(Premissas!$B$7="","Defina o limite",IF(I16<Premissas!$B$7,"Conferir","Dentro do limite")))
H17: =IF(OR(A17="",C17="",D17="",E17=""),"",IFERROR(IF(E17="Cancelado",0,IF(C17="Entrada",D17,IF(C17="Saída",-D17,""))),"")) | I17: =IF(H17="","",IFERROR(Premissas!$B$4+SUMIFS($H$5:$H$104,$A$5:$A$104,"<="&A17),"")) | J17: =IF(I17="","",IF(Premissas!$B$7="","Defina o limite",IF(I17<Premissas!$B$7,"Conferir","Dentro do limite")))
H18: =IF(OR(A18="",C18="",D18="",E18=""),"",IFERROR(IF(E18="Cancelado",0,IF(C18="Entrada",D18,IF(C18="Saída",-D18,""))),"")) | I18: =IF(H18="","",IFERROR(Premissas!$B$4+SUMIFS($H$5:$H$104,$A$5:$A$104,"<="&A18),"")) | J18: =IF(I18="","",IF(Premissas!$B$7="","Defina o limite",IF(I18<Premissas!$B$7,"Conferir","Dentro do limite")))
H19: =IF(OR(A19="",C19="",D19="",E19=""),"",IFERROR(IF(E19="Cancelado",0,IF(C19="Entrada",D19,IF(C19="Saída",-D19,""))),"")) | I19: =IF(H19="","",IFERROR(Premissas!$B$4+SUMIFS($H$5:$H$104,$A$5:$A$104,"<="&A19),"")) | J19: =IF(I19="","",IF(Premissas!$B$7="","Defina o limite",IF(I19<Premissas!$B$7,"Conferir","Dentro do limite")))
H20: =IF(OR(A20="",C20="",D20="",E20=""),"",IFERROR(IF(E20="Cancelado",0,IF(C20="Entrada",D20,IF(C20="Saída",-D20,""))),"")) | I20: =IF(H20="","",IFERROR(Premissas!$B$4+SUMIFS($H$5:$H$104,$A$5:$A$104,"<="&A20),"")) | J20: =IF(I20="","",IF(Premissas!$B$7="","Defina o limite",IF(I20<Premissas!$B$7,"Conferir","Dentro do limite")))
H21: =IF(OR(A21="",C21="",D21="",E21=""),"",IFERROR(IF(E21="Cancelado",0,IF(C21="Entrada",D21,IF(C21="Saída",-D21,""))),"")) | I21: =IF(H21="","",IFERROR(Premissas!$B$4+SUMIFS($H$5:$H$104,$A$5:$A$104,"<="&A21),"")) | J21: =IF(I21="","",IF(Premissas!$B$7="","Defina o limite",IF(I21<Premissas!$B$7,"Conferir","Dentro do limite")))
H22: =IF(OR(A22="",C22="",D22="",E22=""),"",IFERROR(IF(E22="Cancelado",0,IF(C22="Entrada",D22,IF(C22="Saída",-D22,""))),"")) | I22: =IF(H22="","",IFERROR(Premissas!$B$4+SUMIFS($H$5:$H$104,$A$5:$A$104,"<="&A22),"")) | J22: =IF(I22="","",IF(Premissas!$B$7="","Defina o limite",IF(I22<Premissas!$B$7,"Conferir","Dentro do limite")))
H23: =IF(OR(A23="",C23="",D23="",E23=""),"",IFERROR(IF(E23="Cancelado",0,IF(C23="Entrada",D23,IF(C23="Saída",-D23,""))),"")) | I23: =IF(H23="","",IFERROR(Premissas!$B$4+SUMIFS($H$5:$H$104,$A$5:$A$104,"<="&A23),"")) | J23: =IF(I23="","",IF(Premissas!$B$7="","Defina o limite",IF(I23<Premissas!$B$7,"Conferir","Dentro do limite")))
H24: =IF(OR(A24="",C24="",D24="",E24=""),"",IFERROR(IF(E24="Cancelado",0,IF(C24="Entrada",D24,IF(C24="Saída",-D24,""))),"")) | I24: =IF(H24="","",IFERROR(Premissas!$B$4+SUMIFS($H$5:$H$104,$A$5:$A$104,"<="&A24),"")) | J24: =IF(I24="","",IF(Premissas!$B$7="","Defina o limite",IF(I24<Premissas!$B$7,"Conferir","Dentro do limite")))
H25: =IF(OR(A25="",C25="",D25="",E25=""),"",IFERROR(IF(E25="Cancelado",0,IF(C25="Entrada",D25,IF(C25="Saída",-D25,""))),"")) | I25: =IF(H25="","",IFERROR(Premissas!$B$4+SUMIFS($H$5:$H$104,$A$5:$A$104,"<="&A25),"")) | J25: =IF(I25="","",IF(Premissas!$B$7="","Defina o limite",IF(I25<Premissas!$B$7,"Conferir","Dentro do limite")))
H26: =IF(OR(A26="",C26="",D26="",E26=""),"",IFERROR(IF(E26="Cancelado",0,IF(C26="Entrada",D26,IF(C26="Saída",-D26,""))),"")) | I26: =IF(H26="","",IFERROR(Premissas!$B$4+SUMIFS($H$5:$H$104,$A$5:$A$104,"<="&A26),"")) | J26: =IF(I26="","",IF(Premissas!$B$7="","Defina o limite",IF(I26<Premissas!$B$7,"Conferir","Dentro do limite")))
... H104: =IF(OR(A104="",C104="",D104="",E104=""),"",IFERROR(IF(E104="Cancelado",0,IF(C104="Entrada",D104,IF(C104="Saída",-D104,""))),"")) | I104: =IF(H104="","",IFERROR(Premissas!$B$4+SUMIFS($H$5:$H$104,$A$5:$A$104,"<="&A104),"")) | J104: =IF(I104="","",IF(Premissas!$B$7="","Defina o limite",IF(I104<Premissas!$B$7,"Conferir","Dentro do limite")))

Sheet Premissas
A1: Premissas da previsão de caixa
A2: Premissas editáveis para planejamento. Valores e datas são fictícios e devem ser conferidos.
A3: Premissa | B3: Valor | C3: Orientação de uso
A4: Saldo inicial do cenário | B4: 8000 | C4: Saldo disponível na data inicial do cenário fictício.
A5: Data inicial | B5: 46296 | C5: Primeiro dia considerado na projeção.
A6: Meses de projeção | B6: 12 | C6: Escolha um horizonte entre 1 e 12 meses.
A7: Limite mínimo desejado | B7: 15000 | C7: Referência interna editável para pedir conferência humana.
A8: Data final calculada | B8: =IF(OR(B5="",B6=""),"",IFERROR(EDATE(B5,B6)-1,"")) | C8: Calculada a partir da data inicial e do horizonte.
